APL (24 & UNDER)
EL PASO TEXANS @ DETROIT DIRTY SNOW
09/13/2029
 
TOP OF THE 1ST
El Paso Texans batting - Pitching for Detroit Dirty Snow : RHP Keith Heffner
Pitching: RHP Keith Heffner
Batting: LHB Mark Spencer 0-0: Foul Ball, location: 2F
0-1: Ball
1-1: Called Strike
1-2: Ball
2-2: Foul Ball, location: 2F
2-2: Strikes out looking
Batting: RHB Cole Boehmer 0-0: Called Strike
0-1: Foul Ball, location: 2F
0-2: Ground out 4-3 (Groundball, 4MD)
Batting: SHB Richie Gallegos 0-0: Ball
1-0: Ball
2-0: Called Strike
2-1: Called Strike
2-2: Strikes out swinging
Top of the 1st over - 0 runs, 0 hits, 0 errors, 0 left on base; El Paso 0 - Detroit 0
BOTTOM OF THE 1ST
Detroit Dirty Snow batting - Pitching for El Paso Texans : RHP Mike Church
Pitching: RHP Mike Church
Batting: LHB Francisco Medina 0-0: Called Strike
0-1: Fly out, F9 (Flyball, 89S)
Batting: RHB António Aguilera 0-0: Fly out, F8 (Flyball, 8RD)
Batting: RHB Guo-liang Lian 0-0: Ground out 5-3 (Groundball, 56S)
Bottom of the 1st over - 0 runs, 0 hits, 0 errors, 0 left on base; El Paso 0 - Detroit 0
TOP OF THE 2ND
El Paso Texans batting - Pitching for Detroit Dirty Snow : RHP Keith Heffner
Batting: RHB José Murillo 0-0: Called Strike
0-1: Foul Ball, location: 2F
0-2: Strikes out swinging
Batting: LHB Cipriano Rangel 0-0: Swinging Strike
0-1: Called Strike
0-2: Ball
1-2: Foul Ball, location: 2F
1-2: Hit by Pitch
Batting: SHB Oliver Riley 0-0: Ball
1-0: Foul Ball, location: 2F
1-1: SINGLE (Groundball, 34D)
Cipriano Rangel to second
Runner from 2nd tries for 3rd, SAFE, no throw
Batting: LHB John Fitzgerald 0-0: Called Strike
0-1: Called Strike
0-2: Fly out, F7 (Flyball, 7LM)
Runner from 3rd tags up, SCORES, throw made
Batting: LHB Dave Tucker 0-0: Called Strike
0-1: Ball
Oliver Riley steals 2nd base
1-1: Foul Ball, location: 2F
1-2: Foul Ball, location: 2F
1-2: Strikes out looking
Top of the 2nd over - 1 run, 1 hit, 0 errors, 1 left on base; El Paso 1 - Detroit 0
BOTTOM OF THE 2ND
Detroit Dirty Snow batting - Pitching for El Paso Texans : RHP Mike Church
Batting: LHB Luis Salazar 0-0: Called Strike
0-1: Foul Ball, location: 2F
0-2: Strikes out swinging
Batting: RHB Paul Liddle 0-0: Called Strike
0-1: Ball
1-1: Ball
2-1: SOLO HOME RUN (Flyball, 7LD), Distance : 364 ft
Batting: SHB Víctor Torres 0-0: Ball
1-0: Foul Ball, location: 2F
1-1: Ground out 4-3 (Groundball, 4)
Batting: RHB Carlos Rocha 0-0: Swinging Strike
0-1: Foul Ball, location: 2F
0-2: Ball
1-2: Ball
2-2: Ball
3-2: Foul Ball, location: 2F
3-2: Base on Balls
Batting: LHB Lee Jenkins 0-0: Ball
1-0: Ball
2-0: 2-RUN HOME RUN (Flyball, 9D), Distance : 380 ft
Batting: RHB Bobby Hendricks 0-0: Hit by Pitch
Batting: LHB Francisco Medina 0-0: Called Strike
0-1: Swinging Strike
0-2: Ball
1-2: Foul Ball, location: 2F
1-2: Ball
2-2: Fly out, F4 (Line Drive, 4)
Bottom of the 2nd over - 3 runs, 2 hits, 0 errors, 1 left on base; El Paso 1 - Detroit 3
TOP OF THE 3RD
El Paso Texans batting - Pitching for Detroit Dirty Snow : RHP Keith Heffner
Batting: SHB Miguel Hurtado 0-0: Foul Ball, location: 2F
0-1: Ball
1-1: Fly out, F8 (Line Drive, 78M)
Batting: LHB Mark Spencer 0-0: Fly out, F8 (Flyball, 8LM)
Batting: RHB Cole Boehmer 0-0: Called Strike
0-1: Ball
1-1: Ball
2-1: Ball
3-1: Foul Ball, location: 2F
3-2: Foul Ball, location: 2F
3-2: TRIPLE (Flyball, 7LD)
Batting: SHB Richie Gallegos 0-0: Ball
1-0: Called Strike
1-1: SINGLE (Flyball, 78S)
Cole Boehmer scores
Batting: RHB José Murillo 0-0: Foul Ball, location: 2F
0-1: Ball
Richie Gallegos steals 2nd base
1-1: SINGLE (Groundball, 6MD)
Richie Gallegos to third
Batting: LHB Cipriano Rangel 0-0: Foul Ball, location: 2F
0-1: Ball
1-1: Foul Ball, location: 2F
1-2: Ball
2-2: Strikes out swinging
Top of the 3rd over - 1 run, 3 hits, 0 errors, 2 left on base; El Paso 2 - Detroit 3
BOTTOM OF THE 3RD
Detroit Dirty Snow batting - Pitching for El Paso Texans : RHP Mike Church
Batting: RHB António Aguilera 0-0: Foul Ball, location: 2F
0-1: Swinging Strike
0-2: Ball
1-2: Ball
2-2: Foul Ball, location: 2F
2-2: SOLO HOME RUN (Flyball, 7LD), Distance : 343 ft
Batting: RHB Guo-liang Lian 0-0: SINGLE (Groundball, 56D)
Batting: LHB Luis Salazar 0-0: Called Strike
0-1: Ball
Wild Pitch!
Guo-liang Lian to second
1-1: Ground out 4-3 (Groundball, 4)
Guo-liang Lian to third
Batting: RHB Paul Liddle 0-0: SINGLE (Flyball, 7LS)
Guo-liang Lian scores
Batting: SHB Víctor Torres 0-0: Ball
1-0: Called Strike
1-1: Ball
2-1: Foul Ball, location: 2F
2-2: Foul Ball, location: 2F
2-2: Strikes out looking
Batting: RHB Carlos Rocha 0-0: Called Strike
0-1: Ball
1-1: Ball
2-1: Called Strike
2-2: Strikes out looking
Bottom of the 3rd over - 2 runs, 3 hits, 0 errors, 1 left on base; El Paso 2 - Detroit 5
TOP OF THE 4TH
El Paso Texans batting - Pitching for Detroit Dirty Snow : RHP Keith Heffner
Batting: SHB Oliver Riley 0-0: Ball
1-0: Swinging Strike
1-1: Foul Ball, location: 2F
1-2: Strikes out swinging
Batting: LHB John Fitzgerald 0-0: Called Strike
0-1: Foul Ball, location: 2F
0-2: Ball
1-2: Ball
2-2: Fly out, F8 (Line Drive, 8RD)
Batting: LHB Dave Tucker 0-0: Swinging Strike
0-1: Ball
1-1: Foul Ball, location: 2F
1-2: Hit by Pitch
Batting: SHB Miguel Hurtado 0-0: Ball
1-0: Ball
2-0: Swinging Strike
2-1: Foul Ball, location: 2F
2-2: Ground out U3 (Groundball, 34)
Top of the 4th over - 0 runs, 0 hits, 0 errors, 1 left on base; El Paso 2 - Detroit 5
BOTTOM OF THE 4TH
Detroit Dirty Snow batting - Pitching for El Paso Texans : RHP Mike Church
Batting: LHB Lee Jenkins 0-0: Ball
1-0: Called Strike
1-1: Called Strike
1-2: Foul Ball, location: 2F
1-2: Ball
2-2: Strikes out swinging
Batting: RHB Bobby Hendricks 0-0: Called Strike
0-1: Ball
1-1: Ball
2-1: Called Strike
2-2: Strikes out swinging
Batting: LHB Francisco Medina 0-0: Foul Ball, location: 2F
0-1: Ball
1-1: Fly out, F4 (Popup, 34D)
Bottom of the 4th over - 0 runs, 0 hits, 0 errors, 0 left on base; El Paso 2 - Detroit 5
TOP OF THE 5TH
El Paso Texans batting - Pitching for Detroit Dirty Snow : RHP Keith Heffner
Batting: LHB Mark Spencer 0-0: Called Strike
0-1: Fly out, F7 (Line Drive, 78M)
Batting: RHB Cole Boehmer 0-0: SINGLE (Line Drive, 89S)
Batting: SHB Richie Gallegos 0-0: Ball
1-0: Ball
2-0: Ball
3-0: Called Strike
3-1: Fly out, F7 (Flyball, 7)
Batting: RHB José Murillo 0-0: Fielders Choice at 2nd, 5-4 (Groundball, 5L)
Top of the 5th over - 0 runs, 1 hit, 0 errors, 1 left on base; El Paso 2 - Detroit 5
BOTTOM OF THE 5TH
Detroit Dirty Snow batting - Pitching for El Paso Texans : RHP Mike Church
Batting: RHB António Aguilera 0-0: Called Strike
0-1: Foul Ball, location: 2F
0-2: Ball
1-2: Ball
2-2: Ball
3-2: Ground out 5-3 (Groundball, 56S)
Batting: RHB Guo-liang Lian 0-0: Ball
1-0: Ground out 6-3 (Groundball, 6)
Batting: LHB Luis Salazar 0-0: Hit by Pitch
Batting: RHB Paul Liddle 0-0: Called Strike
0-1: Called Strike
0-2: Ball
Luis Salazar steals 2nd base
1-2: Ball
2-2: Ground out 5-3 (Groundball, 56S)
Bottom of the 5th over - 0 runs, 0 hits, 0 errors, 1 left on base; El Paso 2 - Detroit 5
TOP OF THE 6TH
El Paso Texans batting - Pitching for Detroit Dirty Snow : RHP Keith Heffner
Batting: LHB Cipriano Rangel 0-0: Ball
1-0: Foul Ball, location: 2F
1-1: Ground out 4-3 (Groundball, 4M)
Batting: SHB Oliver Riley 0-0: Foul Ball, location: 2F
0-1: Foul Ball, location: 2F
0-2: Foul Ball, location: 2F
0-2: Foul Ball, location: 2F
0-2: DOUBLE (Flyball, 8RXD)
Batting: LHB John Fitzgerald 0-0: Called Strike
0-1: Ball
1-1: Called Strike
1-2: Ball
2-2: Strikes out swinging
Batting: LHB Dave Tucker 0-0: Called Strike
0-1: Swinging Strike
0-2: Ball
1-2: Ground out 4-3 (Groundball, 4S)
Top of the 6th over - 0 runs, 1 hit, 0 errors, 1 left on base; El Paso 2 - Detroit 5
BOTTOM OF THE 6TH
Detroit Dirty Snow batting - Pitching for El Paso Texans : RHP Mike Church
Batting: SHB Víctor Torres 0-0: Fly out, F8 (Flyball, 8RM)
Batting: RHB Carlos Rocha 0-0: Ball
1-0: Called Strike
1-1: Swinging Strike
1-2: SINGLE (Groundball, 56D)
Batting: LHB Lee Jenkins 0-0: Ball
1-0: Foul Ball, location: 2F
1-1: Ground out 5-3 (Groundball, 56S)
Carlos Rocha to second
Batting: RHB Bobby Hendricks 0-0: Ball
1-0: Ball
2-0: Foul Ball, location: 2F
2-1: Ball
3-1: Ground out 6-3 (Groundball, 6)
Bottom of the 6th over - 0 runs, 1 hit, 0 errors, 1 left on base; El Paso 2 - Detroit 5
TOP OF THE 7TH
El Paso Texans batting - Pitching for Detroit Dirty Snow : RHP Keith Heffner
Batting: SHB Miguel Hurtado 0-0: Ball
1-0: Fly out, F8 (Flyball, 8LS)
Batting: LHB Mark Spencer 0-0: SINGLE (Groundball, 34D)
Batting: RHB Cole Boehmer 0-0: Called Strike
Mark Spencer steals 2nd base
0-1: Foul Ball, location: 2F
0-2: Foul Ball, location: 2F
0-2: Ball
1-2: Ground out 6-3 (Groundball, 6)
Mark Spencer to third
Batting: SHB Richie Gallegos 0-0: Called Strike
0-1: Ball
1-1: Foul Ball, location: 2F
1-2: SINGLE (Line Drive, 34)
Mark Spencer scores
Batting: RHB José Murillo 0-0: Foul Ball, location: 2F
0-1: Ball
1-1: DOUBLE (Line Drive, 89M)
Richie Gallegos to third
Runner from 3rd tries for Home, SAFE, no throw
Pitching: LHP Jorge Luna
Pinch Hitting: RHB Jim MacAchounich 0-0: Called Strike
0-1: Swinging Strike
0-2: Foul Ball, location: 2F
0-2: DOUBLE (Flyball, 8LXD)
José Murillo scores
Batting: SHB Oliver Riley 0-0: Ball
1-0: Foul Ball, location: 2F
1-1: Foul Ball, location: 2F
1-2: Ball
2-2: Ball
3-2: Base on Balls
Batting: LHB John Fitzgerald 0-0: Called Strike
0-1: Swinging Strike
0-2: Strikes out swinging
Top of the 7th over - 3 runs, 4 hits, 0 errors, 2 left on base; El Paso 5 - Detroit 5
BOTTOM OF THE 7TH
Detroit Dirty Snow batting - Pitching for El Paso Texans : RHP Mike Church
Pitching: RHP Juan Villa
Now at 2B: Jim Flynn
Batting: LHB Francisco Medina 0-0: Called Strike
0-1: Swinging Strike
0-2: Strikes out swinging
Batting: RHB António Aguilera 0-0: Ball
1-0: Called Strike
1-1: Fly out, F9 (Line Drive, 9LM)
Pinch Hitting: LHB Abel Wheeler 0-0: Called Strike
0-1: Ball
1-1: Swinging Strike
1-2: SOLO HOME RUN (Flyball, 7LD), Distance : 366 ft
Batting: LHB Luis Salazar 0-0: Called Strike
0-1: Foul Ball, location: 2F
0-2: Strikes out swinging
Bottom of the 7th over - 1 run, 1 hit, 0 errors, 0 left on base; El Paso 5 - Detroit 6
TOP OF THE 8TH
El Paso Texans batting - Pitching for Detroit Dirty Snow : LHP Jorge Luna
Now in CF: Wosene Garane
Batting: LHB Dave Tucker 0-0: Foul Ball, location: 2F
0-1: Foul Ball, location: 2F
0-2: Strikes out looking
Batting: SHB Miguel Hurtado 0-0: Ball
1-0: Called Strike
1-1: Ball
2-1: Ball
3-1: Foul Ball, location: 2F
3-2: Strikes out looking
Batting: LHB Mark Spencer 0-0: Called Strike
0-1: Foul Ball, location: 2F
0-2: Ball
1-2: Strikes out swinging
Top of the 8th over - 0 runs, 0 hits, 0 errors, 0 left on base; El Paso 5 - Detroit 6
BOTTOM OF THE 8TH
Detroit Dirty Snow batting - Pitching for El Paso Texans : RHP Juan Villa
Batting: RHB Paul Liddle 0-0: Called Strike
0-1: Called Strike
0-2: Strikes out swinging
Batting: SHB Víctor Torres 0-0: Ball
1-0: Ball
2-0: Ball
3-0: Base on Balls
Batting: RHB Carlos Rocha 0-0: Swinging Strike
0-1: Ball
1-1: Called Strike
1-2: SINGLE (Groundball, 56D)
Víctor Torres to second
Batting: LHB Lee Jenkins 0-0: Ball
1-0: Ball
2-0: Foul Ball, location: 2F
2-1: Fly out, F6 (Popup, 4MD)
Batting: RHB Bobby Hendricks 0-0: Foul Ball, location: 2F
0-1: Ground out 3-1 (Groundball, 34)
Bottom of the 8th over - 0 runs, 1 hit, 0 errors, 2 left on base; El Paso 5 - Detroit 6
TOP OF THE 9TH
El Paso Texans batting - Pitching for Detroit Dirty Snow : LHP Jorge Luna
Batting: RHB Cole Boehmer 0-0: Called Strike
0-1: Swinging Strike
0-2: Strikes out swinging
Batting: SHB Richie Gallegos 0-0: Ball
1-0: Called Strike
1-1: Ball
2-1: Foul Ball, location: 2F
2-2: Foul Ball, location: 2F
2-2: Ball
3-2: Fly out, F7 (Flyball, 78D)
Batting: RHB José Murillo 0-0: Foul Ball, location: 2F
0-1: SOLO HOME RUN (Flyball, 7LD), Distance : 361 ft
Pinch Hitting: LHB Ramón Chávez 0-0: Called Strike
0-1: Swinging Strike
0-2: Ball
1-2: Ball
2-2: Foul Ball, location: 2F
2-2: Ground out 5-3 (Groundball, 56S)
Top of the 9th over - 1 run, 1 hit, 0 errors, 0 left on base; El Paso 6 - Detroit 6
BOTTOM OF THE 9TH
Detroit Dirty Snow batting - Pitching for El Paso Texans : RHP Juan Villa
Now at 2B: Ralph McCullum
Batting: LHB Francisco Medina 0-0: Fly out, F9 (Flyball, 89M)
Batting: RHB António Aguilera 0-0: Called Strike
0-1: Foul Ball, location: 2F
0-2: Hit by Pitch
Pinch Hitting: SHB Martin Goodwin 0-0: Called Strike
0-1: Swinging Strike
0-2: Fly out, F7 (Line Drive, 7)
Batting: LHB Luis Salazar 0-0: Ball
António Aguilera steals 2nd base
1-0: Ball
2-0: Foul Ball, location: 2F
2-1: Foul Ball, location: 2F
2-2: Foul Ball, location: 2F
2-2: Ball
3-2: Foul Ball, location: 2F
3-2: Strikes out swinging
Bottom of the 9th over - 0 runs, 0 hits, 0 errors, 1 left on base; El Paso 6 - Detroit 6
TOP OF THE 10TH
El Paso Texans batting - Pitching for Detroit Dirty Snow : LHP Jorge Luna
Now in CF: Takuro Okawa
Batting: SHB Oliver Riley 0-0: Called Strike
0-1: Foul Ball, location: 2F
0-2: Ball
1-2: Ball
2-2: Ball
3-2: Base on Balls
Batting: LHB John Fitzgerald 0-0: Ball
1-0: Ball
2-0: Ball
3-0: Called Strike
3-1: Foul Ball, location: 2F
3-2: Base on Balls
Oliver Riley to second
Batting: LHB Dave Tucker 0-0: Ball
1-0: SINGLE (Line Drive, 89S)
Oliver Riley to third
John Fitzgerald to second
Pinch Hitting: RHB Rafael Crus 0-0: Called Strike
0-1: Ball
1-1: Called Strike
1-2: Ball
2-2: Ball
3-2: Base on Balls
Oliver Riley scores
John Fitzgerald to third
Dave Tucker to second
Pitching: LHP Sancho Espinoza
Pinch Hitting: RHB Gabriel Santana 0-0: DOUBLE (Groundball, 5L)
John Fitzgerald scores
Dave Tucker scores
Rafael Crus to third
Batting: RHB Cole Boehmer 0-0: Intentional Walk
Batting: SHB Richie Gallegos 0-0: Called Strike
0-1: Ball
1-1: Ball
2-1: Foul Ball, location: 2F
2-2: Ball
3-2: Strikes out swinging
Batting: RHB José Murillo 0-0: Swinging Strike
0-1: Ball
1-1: Fly out, F3 (Line Drive, 3)
Lined into DP, U3 (Line Drive, 3)
Top of the 10th over - 3 runs, 2 hits, 0 errors, 2 left on base; El Paso 9 - Detroit 6
BOTTOM OF THE 10TH
Detroit Dirty Snow batting - Pitching for El Paso Texans : RHP Juan Villa
Now at SS: António Cervantes
Now in CF: Rafael Crus
Batting: RHB Paul Liddle 0-0: Ball
1-0: Foul Ball, location: 2F
1-1: Swinging Strike
1-2: DOUBLE (Flyball, 89D)
Batting: SHB Víctor Torres 0-0: Called Strike
0-1: Ground out 5-3 (Groundball, 5)
Batting: RHB Carlos Rocha 0-0: DOUBLE (Line Drive, 78D)
Paul Liddle scores
Pitching: LHP Carlos Hernández
Batting: LHB Lee Jenkins 0-0: Called Strike
0-1: Ball
1-1: Ball
2-1: Foul Ball, location: 2F
2-2: Ball
3-2: Foul Ball, location: 2F
3-2: Foul Ball, location: 2F
3-2: Base on Balls
Batting: RHB Bobby Hendricks 0-0: Called Strike
0-1: Ball
1-1: Fly out, F9 (Flyball, 9S)
Batting: LHB Francisco Medina 0-0: Ground out U3 (Groundball, 34)
Bottom of the 10th over - 1 run, 2 hits, 0 errors, 2 left on base; El Paso 9 - Detroit 7
Saturday, December 16th, 2017 - OOTP Baseball 18.8 Build 76